 Dungeon Crawl Stone Soup version 0.19-a0-904-ga29959e (webtiles) character file.

1792 MrRokkomies the Summoner (level 9, -2/57 HPs)
             Began as an Octopode Summoner on July 5, 2016.
             Was a Follower of Ashenzari.
             Slain by a sky beast (6 damage)
             ... on level 7 of the Dungeon.
             The game lasted 00:28:03 (9781 turns).

MrRokkomies the Summoner (Octopode Summoner)        Turns: 9781, Time: 00:28:06

Health: -2/57      AC:  3    Str:  7    XL:     9   Next: 9%
Magic:  9/12       EV: 12    Int: 20    God:    Ashenzari [*.....]
Gold:   113        SH:  3    Dex: 13    Spells: 3 memorised, 3 levels left

rFire  . . .     SeeInvis .     a - +0 halberd
rCold  . . .     Gourm    .     (shield currently unavailable)
rNeg   . . .     Faith    .     c - +2 hat (curse)
rPois  .         Spirit   .     i - +3 amulet of reflection
rElec  .         Dismiss  .     (no ring)
rCorr  .         Reflect  +     (no ring)
SustAt .         Harm     .     (no ring)
MR     .....                    (no ring)
Stlth  +++.......               (no ring)
                                (no ring)
                                (no ring)
                                (no ring)

@: not resistant to hostile enchantments, fairly stealthy
A: almost no armour, amphibious, 8 rings, constrict 8, camouflage 1, gelatinous
body 1
a: Curse Item, Scrying, Renounce Religion


You were on level 7 of the Dungeon.
You worshipped Ashenzari.
Ashenzari was aware of your devotion.
You were very hungry.

You visited 2 branches of the dungeon, and saw 8 of its levels.
You also visited: Sewer.

You collected 388 gold pieces.
You spent 275 gold pieces at shops.

Inventory:

Hand Weapons
 a - a +0 halberd (weapon)
 b - the +1 longbow "Wefoih" {flame, Int+5}
   (You bought it in a shop on level 6 of the Dungeon)

   It causes projectiles fired from it to burn those they strike, causing extra
   injury to most foes and up to half again as much damage against particularly
   susceptible opponents.
   It affects your intelligence (+5).
 p - a +0 trident
Missiles
 m - a throwing net (quivered)
 z - 107 arrows
Armour
 c - a cursed +2 hat (worn)
Jewellery
 i - a +3 amulet of reflection (around mantle)
 q - an uncursed ring of ice
Wands
 x - a wand of lightning (7/15)
Scrolls
 e - 3 scrolls of teleportation
 n - a scroll of magic mapping
Potions
 d - 4 potions of magic
 f - a potion of cancellation
 j - a potion of flight
 k - 2 potions of lignification
 o - a potion of cure mutation
 r - a potion of brilliance {unknown}
 s - 2 potions of haste
 u - a potion of degeneration {unknown}
 A - 2 potions of agility
Books
 g - a book of Callings

   Spells                             Type                      Level
   a - Summon Small Mammal            Summoning                    1
   b - Call Imp                       Summoning                    2
   c - Call Canine Familiar           Summoning                    3
   d - Summon Guardian Golem          Hexes/Summoning              3
   e - Summon Lightning Spire         Summoning/Air                4
   f - Summon Ice Beast               Ice/Summoning                4
Comestibles
 h - a meat ration
 t - 2 slices of pizza
 w - a beef jerky
 y - 5 bread rations


   Skills:
 - Level 3.6 Fighting
 * Level 7.1 Polearms
 - Level 2.0 Dodging
 - Level 2.6 Stealth
 - Level 2.0 Spellcasting
 - Level 8.1 Summonings
 * Level 3.3 Air Magic


You had 3 spell levels left.
You knew the following spells:

 Your Spells              Type           Power        Failure   Level  Hunger
a - Summon Lightning Spi  Summ/Air       ####....     17%         4    #####..
b - Call Canine Familiar  Summ           ####....     1%          3    ###....
c - Call Imp              Summ           ####....     1%          2    ##.....


Dungeon Overview and Level Annotations

Branches:
Dungeon (7/15)             Temple (1/1) D:4

Altars:
Ashenzari
Dithmenos
Fedhas
Gozag
Kikubaaqudgha
Makhleb
Nemelex Xobeh
Okawaru
Pakellas
Qazlal
Ru
Uskayaw
Vehumet
Xom
Yredelemnul
Zin
The Shining One

Shops:
D:6 (   D:7 (


Innate Abilities, Weirdness & Mutations

You cannot wear most types of armour.
You are amphibious.
You can wear up to eight rings at the same time.
You can use your tentacles to constrict eight enemies at once.
Your skin changes colour to match your surroundings (Stealth+).
Your rubbery body absorbs attacks. (AC +1)


Message History

* * * LOW HITPOINT WARNING * * *
You feel better.
The sky beast flickers out of sight!
Deactivating autopickup; reactivate with Ctrl-A.
Something hits you.
* * * LOW HITPOINT WARNING * * *
Something shocks you.
* * * LOW HITPOINT WARNING * * *
Okay, then.
Unknown command.
Evoke which item? (* to show all) (? for menu, Esc to quit)
Okay, then.
Unknown command.
Casting: Summon Lightning Spire
Confirm with . or Enter, or press ? or * to list all spells.
A sky beast appears from thin air!
Reactivating autopickup.
The sky beast hits you.
* * * LOW HITPOINT WARNING * * *
The sky beast shocks you.
You die...

......### ......#
..#.....####..#.#.###
.##..................
###..................
#......##.###.####.##
#......##.# #.# ..##
#......##.# #.# ....+
######†##.###.##....##
###......##§§##.@Y......
.....#######..h..≈......
......# #............
......# #............
......# ##+#.######..
.....## #.# . ###### ...
..#. .#


You could see a sky beast and a friendly wolf.

Vanquished Creatures
  An ogre (D:4)
  A centaur (D:5)
  3 giant frogs
  A scorpion (D:4)
  A howler monkey (D:5)
  A quasit (D:5)
  3 hounds
  A centaur skeleton (D:5)
  3 orc priests
  An orc wizard (D:2)
  An iguana (D:5)
  4 worker ants
  Ijyb (D:2)
  A killer bee zombie (D:6)
  A hound zombie (D:6)
  3 gnolls
  A river rat (D:5)
  16 adders
  11 oozes (Sewer)
  3 worms
  11 giant geckos
  21 orcs
  7 giant cockroaches (Sewer)
  11 goblins
  10 hobgoblins
  5 jackals
  5 kobolds
  4 quokkas
  13 ball pythons
  5 bats
  14 giant newts
  A quokka skeleton (D:5)
  2 quokka zombies (D:6)
  11 rats
178 creatures vanquished.

Vanquished Creatures (collateral kills)
  2 phantoms
  An orc warrior (D:6)
  2 ogres
  A centaur (D:7)
  A giant frog (D:6)
  A scorpion (D:7)
  2 killer bees (D:7)
  A hound (D:3)
  An orc priest (D:5)
  A giant frog skeleton (D:7)
  2 orc wizards
  An iguana (D:5)
  6 gnolls
  2 adders (Sewer)
  A river rat (D:5)
  An ooze (Sewer)
  3 giant geckos (Sewer)
  13 orcs
  4 giant cockroaches
  4 ball pythons
  4 giant newts
54 creatures vanquished.

Vanquished Creatures (others)
  An orc wizard (D:5)
1 creature vanquished.

Grand Total: 233 creatures vanquished

Notes
Turn   | Place    | Note
-------+----------+-------------------------------------------
     0 | D:1      | MrRokkomies the Octopode Summoner began the quest for the Orb.
     0 | D:1      | Reached XP level 1. HP: 11/11 MP: 3/3
   156 | D:1      | Reached skill level 1 in Fighting
   302 | D:1      | Reached XP level 2. HP: 3/18 MP: 5/5
   972 | D:1      | Reached XP level 3. HP: 24/24 MP: 6/6
  1317 | D:1      | Learned a level 3 spell: Call Canine Familiar
  1320 | D:1      | Learned a level 2 spell: Call Imp
  1714 | D:2      | Found a sacrificial altar of Ru.
  1735 | D:2      | Reached XP level 4. HP: 27/30 MP: 7/7
  1738 | D:2      | Noticed Ijyb
  1745 | D:2      | Killed Ijyb
  2350 | D:3      | Reached skill level 5 in Summonings
  2505 | D:3      | Reached XP level 5. HP: 36/36 MP: 8/8
  2839 | D:3      | Reached skill level 1 in Polearms
  2964 | D:3      | Reached XP level 6. HP: 19/42 MP: 6/9
  3343 | D:3      | Learned a level 4 spell: Summon Lightning Spire
  3544 | D:3      | Found an opulent altar of Gozag.
  3948 | D:4      | Found a glowing golden altar of the Shining One.
  4492 | D:4      | Reached skill level 6 in Summonings
  4712 | D:4      | Reached XP level 7. HP: 46/46 MP: 6/10
  4779 | D:4      | Found a blossoming altar of Fedhas.
  4779 | D:4      | Found an ancient bone altar of Kikubaaqudgha.
  4900 | D:4      | Found a staircase to the Ecumenical Temple.
  4913 | Temple   | Entered the Ecumenical Temple
  5100 | Temple   | Became a worshipper of Ashenzari the Shackled
  5480 | D:5      | Entered Level 5 of the Dungeon
  5627 | D:5      | Found a glowing drain.
  5633 | Sewer    | Entered a sewer
  6240 | Sewer    | Reached skill level 7 in Summonings
  6270 | Sewer    | Reached XP level 8. HP: 18/53 MP: 9/11
  6709 | D:5      | Reached skill level 5 in Polearms
  7862 | D:6      | Found an oddly glowing altar of Pakellas.
  8046 | D:6      | Reached skill level 8 in Summonings
  8237 | D:6      | Reached skill level 1 in Air Magic
  8800 | D:6      | Found Sipput Munwi's Antique Weapon Shop.
  8808 | D:6      | Bought a steaming longbow for 275 gold pieces
  8808 | D:6      | Identified the +1 longbow "Wefoih" {flame, Int+5} (You bought it in a shop on level 6 of the Dungeon)
  8887 | D:7      | Found Haotefy's Antique Weapon Shoppe.
  9139 | D:6      | Found a shadowy altar of Dithmenos.
  9161 | D:6      | Reached * piety under Ashenzari
  9294 | D:6      | Reached XP level 9. HP: 57/57 MP: 12/12
  9781 | D:7      | Slain by a sky beast

Vault maps used:
D:1:      roderic_crop_circles_arrival_small, hangedman_decor_riveting,
          kennysheep_decorative_pillar
D:2:      nicolae_ru_great_annihilating_truth, first_bread,
          serial_bayou_lagoon_a, uniq_iyjb
D:3:      marbit_many_paths, cheibrodos_gnoll_hut
D:4:      grunt_temple_overflow_growth_and_decay, lemuel_crystal_altar
D:5:      portal_sewer_entry_e, minmay_misc_feat_plants
D:6:      grunt_dithmenos_shadows, serial_shops, shop_fountains,
          grunt_ministairs_12, grunt_pakellas_mercury
D:7:      old_standard_altar, serial_shops, shop, minmay_misc_feat_x,
          st_stairs_6
Temple:   minmay_temple_curvy_loop
Sewer:    sewer_frog_island_02

Skill      XL: |  1  2  3  4  5  6  7  8  9 |
---------------+----------------------------+-----
Fighting       | 1 2 3 |  3.6
Summonings     | 5 6 7 8 |  8.1
Polearms       | 1 3 4 6 7 |  7.1
Air Magic      | 2 3 |  3.3
Dodging        | |  2.0
Stealth        | |  2.6
Spellcasting   | |  2.0

Action                   |  1- 3 |  4- 6 |  7- 9 || total
-------------------------+-------+-------+-------++-------
Melee: Dagger            |    87 |     9 |       ||    96
       Constrict         |    19 |    24 |    45 ||    88
       Tentacles         |    16 |    19 |    28 ||    63
       Unarmed           |     5 |       |       ||     5
       Whip              |     2 |       |       ||     2
       Rapier            |       |    26 |       ||    26
       Trident           |       |    19 |       ||    19
       Spear             |       |    16 |       ||    16
       Halberd           |       |    51 |   320 ||   371
 Cast: Call Canine Famil |       |    10 |    25 ||    35
       Call Imp          |       |     5 |     6 ||    11
       Summon Lightning  |       |       |     3 ||     3
Invok: Curse Item        |       |       |     1 ||     1
  Use: Potion            |     1 |       |     3 ||     4
       Scroll            |     3 |     8 |     8 ||    19
 Stab: Sleeping          |     9 |     7 |    20 ||    36
       Paralysed         |       |     1 |       ||     1
       Distracted        |       |     2 |     3 ||     5
  Eat: Chunk             |     2 |    11 |    15 ||    28
       Meat ration       |       |       |     1 ||     1
Armor: Skin              |    12 |    12 |    59 ||    83
Dodge: Dodged            |    41 |    52 |   181 ||   274
Block: Other             |     4 |    11 |    39 ||    54
       Reflection        |       |       |     1 ||     1
